Cogmind - Beta 16 @@@ ROGUE MODE // 2025.11.23 @ 08:29:34 // Winter2019/RPGLIKE Player: GFYguy Result: Destroyed by G-50 Soldier with Heavy Laser Performance ------------- Evolutions (5) 2500 Regions Visited (5) 1000 Robots Destroyed (16) 80 Value Destroyed (552) 552 Prototype IDs (0) 0 Alien Tech Used (0) 0 Bonus (-33) -33 TOTAL SCORE: 4099 Bonus ------- Friendly Fire -33 Cogmind --------- Core Integrity 0/600 Matter 128/300 Energy 2/170 System Corruption 0% Temperature Warm (165) Movement Treading (160) Location -5/Factory Parts ------- > --- POWER (1) -------- Makeshift Power Source > --- PROPULSION (3) --- Improved Treads Medium Treads > --- UTILITY (4) ------ Structural Scanner Launcher Guidance Computer Layered Light Armor Plating Improved Shield Generator > --- WEAPON (2) ------- Subdweller Shrapnel Launcher Improved Grenade Launcher > --- INVENTORY (2) ---- Light Humpback Peak State ------------ > --- POWER ------------ Makeshift Power Source > --- PROPULSION ------- Improved Treads Medium Treads > --- UTILITY ---------- Structural Scanner Launcher Guidance Computer Layered Light Armor Plating Improved Shield Generator > --- WEAPON ----------- Subdweller Shrapnel Launcher Improved Grenade Launcher > --- INVENTORY -------- Light Humpback [Rating: 28] Favorites ----------- Power Ion Engine Engine Ion Engine Propulsion Light Treads Treads Light Treads Utility Structural Scanner Device Structural Scanner Processor Targeting Computer Protection Scrap Shield Weapon Subdweller Machine Gun Energy Gun Subdweller Laser Ballistic Gun Subdweller Machine Gun Launcher Subdweller Shrapnel Launcher Build | -11 -10 -10 -10 -7 -5 ------- Run | Yrd Mat Min Sub Scr Fac Slots Evolved 6 | 2 1 . 2 . 1 Power . | . . . . . . Propulsion 2 | 1 . . . . 1 Utility 3 | . 1 . 2 . . Weapon 1 | 1 . . . . . Parts Attached 22 | 5 2 . 5 10 . Power 2 | 1 . . . 1 . Engine 2 | 1 . . . 1 . Core . | . . . . . . Reactor . | . . . . . . Propulsion 4 | 2 . . . 2 . Treads 4 | 2 . . . 2 . Leg . | . . . . . . Wheel . | . . . . . . Hover . | . . . . . . Flight . | . . . . . . Utility 9 | . 2 . 1 6 . Device 4 | . 1 . . 3 . Storage . | . . . . . . Processor 3 | . 1 . . 2 . Hackware . | . . . . . . Protection 2 | . . . 1 1 . Artifact . | . . . . . . Weapon 7 | 2 . . 4 1 . Energy Gun 1 | . . . 1 . . Energy Cannon . | . . . . . . Ballistic Gun 4 | 2 . . 2 . . Ballistic Cannon . | . . . . . . Launcher 2 | . . . 1 1 . Special Weapon . | . . . . . . Impact Weapon . | . . . . . . Slashing Weapon . | . . . . . . Piercing Weapon . | . . . . . . Special Melee Weapon . | . . . . . . Unidentified Prototypes . | . . . . . . Parts Lost . | . . . . . . Power . | . . . . . . Propulsion . | . . . . . . Utility . | . . . . . . Weapon . | . . . . . . Highest Loss Streak . | . . . . . . To Critical Strikes . | . . . . . . Average Backups . | . . . . 1 1 Power . | . . . . . . Propulsion . | . . . . . . Utility . | . . . . 1 1 Weapon . | . . . . . . Tool/Special . | . . . . . . Unused Backups 1 | . . . . . 1 Power . | . . . . . . Propulsion . | . . . . . . Utility 1 | . . . . . 1 Weapon . | . . . . . . Tool/Special . | . . . . . . Average Slot Usage (%) 88 | . 95 100 88 87 91 Engine 11 | . 15 14 11 11 10 Treads 22 | . 30 28 22 22 20 Device 16 | . 7 14 11 22 20 Processor 9 | . 11 14 11 6 10 Protection 6 | . . . 10 2 10 Energy Gun 1 | . . . 4 . . Ballistic Gun 11 | . 30 28 14 7 . Launcher 9 | . . . 3 14 20 Peak Build Rating 28 | 5 7 7 13 28 28 Average Rating 15 | 4 6 7 12 18 28 On Entrance 10 | . 5 7 7 13 28 Avg Prop Armor Cover (%) . | . . . . . . Naked Turns . | . . . . . . Heaviest Build 36 | 7 8 8 36 36 27 Greatest Support 51 | 40 40 40 40 51 51 Greatest Overweight (x) . | . . . . . . Average Overweight (x) . | . . . . . . Largest Inventory Capacity 2 | . . . 2 2 2 Average Capacity 1 | . . . . 2 2 Most Carried 2 | . . . 2 2 2 Average Carried 1 | . . . . 2 2 Final Capacity 2 | . . . 2 2 2 Final Carried 2 | . . . 2 2 2 Class Distribution -------------------- 63% | Mutant 36% | Subdweller-Mutant Dominant Class ---------------- Mutant | -10/Materials Mutant | -10/Mines Subdweller-Mutant | -10/Subcaves Mutant | -7/Scraptown Mutant | -5/Factory Resources | -11 -10 -10 -10 -7 -5 ----------- Run | Yrd Mat Min Sub Scr Fac Matter Collected 738 | 232 . . 178 328 . Remotely . | . . . . . . Salvage Created 368 | . . . 134 . 234 Parts 29 | . . . 17 . 12 Haulers Intercepted . | . . . . . . Recyclers Shooed . | . . . . . . Parts Field Recycled . | . . . . . . Retrieved Matter . | . . . . . . Parts Self-Destructed 19 | . . . 19 . . Prevented . | . . . . . . Parts Restored . | . . . . . . Kills | -11 -10 -10 -10 -7 -5 ------- Run | Yrd Mat Min Sub Scr Fac Combat Hostiles Destroyed 11 | . . . 7 . 4 Guns 3 | . . . 3 . . AOE 8 | . . . 4 . 4 Classes Destroyed 9 | . . . 4 . 5 Builder 1 | . . . . . 1 Recycler 1 | . . . . . 1 Operator 1 | . . . . . 1 Turret 2 | . . . 2 . . Swarmer 3 | . . . 3 . . Grunt 3 | . . . 1 . 2 Brawler 1 | . . . . . 1 Hunter 1 | . . . . . 1 Subdweller 3 | . . . 3 . . Best Kill Streak 6 | . . . 4 . 6 Combat Bots Only 4 | . . . 4 . 4 Max Kills in Single Turn 3 | . . . 2 . 3 Gunslinging . | . . . . . . Exploded 2 | . . . 2 . 2 Melee . | . . . . . . Uniques/NPCs Destroyed . | . . . . . . Combat | -11 -10 -10 -10 -7 -5 -------- Run | Yrd Mat Min Sub Scr Fac Hostile Shots Fired 99 | . . . 63 . 36 Missed 34 | . . . 24 . 10 Hits 65 | . . . 39 . 26 Projectile 65 | . . . 39 . 26 Damage Taken 1165 | . . . 751 . 414 Core 720 | . . . 422 . 298 Absorbed by Shields 119 | . . . . . 119 Redirected to Core 598 | . . . 388 . 210 Core Remaining (%) 74 | 100 . . . 48 . Volleys Fired 57 | . 1 . 51 . 5 Largest 2 | . 2 . 2 . 2 Hottest 90 | . 40 . 90 . 76 Shots Fired 96 | . 2 . 85 . 9 Gun 75 | . 2 . 73 . . Cannon . | . . . . . . Launcher 21 | . . . 12 . 9 Special . | . . . . . . Kinetic 77 | . 2 . 70 . 5 Thermal 15 | . . . 15 . . Explosive 4 | . . . . . 4 Electromagnetic . | . . . . . . Robot Hit Streak 9 | . . . 9 . 7 Robot Miss Streak 2 | . 2 . 2 . 1 Penetration Max . | . . . . . . Secondary Targets . | . . . . . . Shots Hit Robots 31 | . . . 26 . 5 Core Hits 37 | . . . 15 . 22 Critical Kills 1 | . . . 1 . . Critical Parts Destroyed . | . . . . . . Critical Strikes 1 | . . . 1 . . Destroy 1 | . . . 1 . . Melee Attacks . | . . . . . . Impact . | . . . . . . Slashing . | . . . . . . Piercing . | . . . . . . Sneak Attacks . | . . . . . . Combat Hostiles . | . . . . . . Follow-up Attacks . | . . . . . . Damage Inflicted 1834 | . . . 785 . 1049 Guns 303 | . . . 303 . . Cannons . | . . . . . . Explosions 1531 | . . . 482 . 1049 Melee . | . . . . . . Ramming . | . . . . . . Kinetic 1311 | . . . 785 . 526 Thermal . | . . . . . . Explosive 523 | . . . . . 523 Electromagnetic . | . . . . . . Impact . | . . . . . . Slashing . | . . . . . . Piercing . | . . . . . . Highest Corruption . | . . . . . . Average Corruption . | . . . . . . Corruption Purged . | . . . . . . Corruption Blocked . | . . . . . . Overload Shots . | . . . . . . Overflow Damage 93 | . . . 57 . 36 Projectiles . | . . . . . . Explosions 93 | . . . 57 . 36 Melee . | . . . . . . Knockbacks . | . . . . . . Impact . | . . . . . . Kinetic . | . . . . . . Secondary . | . . . . . . Self-Inflicted Damage 212 | . . . 142 . 70 Shots 5 | . . . 3 . 2 Rammed . | . . . . . . Targets Rammed . | . . . . . . Kicked . | . . . . . . Crushed . | . . . . . . Highest Temperature 156 | . . . 19 . 156 Average Temperature 46 | . . . 10 . 49 Received Heat Transfer 291 | . . . 240 . 51 Siege Activations . | . . . . . . Martial Activations . | . . . . . . Shielding Activations . | . . . . . . Robots Disrupted . | . . . . . . Combat Hostiles . | . . . . . . Robots Corrupted . | . . . . . . Combat Hostiles . | . . . . . . Parts Fried . | . . . . . . Impact Corruptions . | . . . . . . Robots Melted . | . . . . . . Combat Hostiles . | . . . . . . Parts Melted . | . . . . . . Heat Transferred . | . . . . . . Parts Sabotaged . | . . . . . . Parts Stolen . | . . . . . . Parts Stripped . | . . . . . . Power Chain Reactions . | . . . . . . Alert | -11 -10 -10 -10 -7 -5 ------- Run | Yrd Mat Min Sub Scr Fac Maximum Alert Level 1 | . . . . . 1 Low Security (%) 99 | 100 100 100 . . 98 Level 1 . | . . . . . 1 Level 2 . | . . . . . . Level 3 . | . . . . . . Level 4 . | . . . . . . Level 5 . | . . . . . . High Security . | . . . . . . Max Security . | . . . . . . Peak Influence 244 | . . . . . 244 Initial . | . . . . . . Average 5 | . . . . . 13 Influence Increases 439 | . . . 175 . 264 Destroy 0b10 Robot/C 200 | . . . 120 . 80 Destroy 0b10 Robot/NC 15 | . . . . . 15 Destroy Leader 30 | . . . 10 . 20 Disable Machine 45 | . . . . . 45 Destroy Structure 104 | . . . . . 104 Lose Combat Pursuer 45 | . . . 45 . . Influence Decreases 195 | . . . 42 133 20 Entered New Map 133 | . . . . 133 . Time Decay 62 | . . . 42 . 20 Squads Dispatched 3 | . . . . . 3 Investigation . | . . . . . . Extermination . | . . . . . . Reinforcement 3 | . . . . . 3 Assault . | . . . . . . Garrison . | . . . . . . Intercept . | . . . . . . Searches Triggered . | . . . . . . Construction Impeded 1 | . . . . . 1 Haulers Reinforced . | . . . . . . Active Scanning Responses . | . . . . . . Cargo Convoy Interrupts . | . . . . . . Stealth | -11 -10 -10 -10 -7 -5 --------- Run | Yrd Mat Min Sub Scr Fac Distress Signals . | . . . . . . Communications Jammed . | . . . . . . Distress Signals . | . . . . . . Times Spotted 26 | . 1 . 15 . 10 Peak Tracking Total 6 | . 1 . 5 . 6 Tactical Retreats 1 | . . . 1 . . Traps | -11 -10 -10 -10 -7 -5 ------- Run | Yrd Mat Min Sub Scr Fac Traps Triggered 1 | . . . 1 . . Indirectly . | . . . . . . Trap Hack Attempts . | . . . . . . Triggered . | . . . . . . Disarmed . | . . . . . . Reprogrammed . | . . . . . . Reused . | . . . . . . Traps Extracted . | . . . . . . Installed . | . . . . . . Triggered . | . . . . . . Machines | -11 -10 -10 -10 -7 -5 ---------- Run | Yrd Mat Min Sub Scr Fac Machines Disabled 7 | . . . 4 . 3 Max in Single Turn 3 | . . . 3 . 2 Machines Repaired . | . . . . . . Machines Dismantled . | . . . . . . Machines Sabotaged . | . . . . . . Overloaded Fab Kills . | . . . . . . Hacking | -11 -10 -10 -10 -7 -5 --------- Run | Yrd Mat Min Sub Scr Fac Machines Accessed 4 | . . . 2 2 . Terminals . | . . . . . . Fabricators . | . . . . . . Repair Stations . | . . . . . . Recycling Units . | . . . . . . Scanalyzers . | . . . . . . Garrison Access . | . . . . . . Total Hacks 20 | . . . 3 17 . Successful 20 | . . . 3 17 . Failed . | . . . . . . Catastrophic . | . . . . . . Database Lockouts . | . . . . . . Manual . | . . . . . . Terminals . | . . . . . . Fabricators . | . . . . . . Repair Stations . | . . . . . . Recycling Units . | . . . . . . Scanalyzers . | . . . . . . Garrison Access . | . . . . . . Terminal Hacks 20 | . . . 3 17 . Record 18 | . . . 1 17 . Open Door 1 | . . . 1 . . Release Object 1 | . . . 1 . . Fabricator Hacks . | . . . . . . Repair Station Hacks . | . . . . . . Recycling Unit Hacks . | . . . . . . Scanalyzer . | . . . . . . Garrison Access Hacks . | . . . . . . Unauthorized Hacks . | . . . . . . Terminals . | . . . . . . Fabricators . | . . . . . . Repair Stations . | . . . . . . Recycling Units . | . . . . . . Scanalyzers . | . . . . . . Garrison Access . | . . . . . . Data Cores Recovered . | . . . . . . Used . | . . . . . . Hacking Detections . | . . . . . . Full Trace Events . | . . . . . . Feedback Events . | . . . . . . Feedback Blocked . | . . . . . . Robot Schematics Acquired . | . . . . . . Robots Built . | . . . . . . Authchips . | . . . . . . Time . | . . . . . . Total Robot Build Rating . | . . . . . . Part Schematics Acquired . | . . . . . . Parts Built . | . . . . . . Authchips . | . . . . . . Time . | . . . . . . Total Part Build Rating . | . . . . . . Part Studies Acquired . | . . . . . . Parts Repaired . | . . . . . . Time . | . . . . . . Parts Recycled . | . . . . . . Recycled Matter . | . . . . . . Retrieved Matter . | . . . . . . Retrieved Components . | . . . . . . Parts Scanalyzed . | . . . . . . Part Schematics Acquired . | . . . . . . Parts Damaged . | . . . . . . Bothacking | -11 -10 -10 -10 -7 -5 ------------ Run | Yrd Mat Min Sub Scr Fac Used RIF Installer . | . . . . . . Robots Hacked . | . . . . . . Non-combat . | . . . . . . Combat . | . . . . . . Robot Hacks Applied . | . . . . . . Relay Couplers Released . | . . . . . . Fabnet Peak Effective % . | . . . . . . Robots Rewired . | . . . . . . Allies Hacked . | . . . . . . Hacks Repelled . | . . . . . . Allies | -11 -10 -10 -10 -7 -5 -------- Run | Yrd Mat Min Sub Scr Fac Total Allies . | . . . . . . Largest Group . | . . . . . . Highest-Rated Group . | . . . . . . Highest-Rated Ally . | . . . . . . Total Orders . | . . . . . . Ally Attacks . | . . . . . . Total Damage . | . . . . . . Kills . | . . . . . . Allies Corrupted . | . . . . . . Allies Melted . | . . . . . . Intel | -11 -10 -10 -10 -7 -5 ------- Run | Yrd Mat Min Sub Scr Fac Active Infowar (turns) 3789 | . 62 70 1711 1758 188 Optics 334 | . . . . 334 . Structural 3789 | . 62 70 1711 1758 188 Robot Analysis Total . | . . . . . . Derelict Logs Recovered 3 | . . . 1 2 . Drone Launches . | . . . . . . Drone Recoveries . | . . . . . . Exploration | -11 -10 -10 -10 -7 -5 ------------- Run | Yrd Mat Min Sub Scr Fac Turns Passed 3915 | 73 115 70 1711 1758 188 Spaces Moved 2276 | 44 69 34 938 1082 109 Core 3 | 3 . . . . . Treads 2273 | 41 69 34 938 1082 109 Legs . | . . . . . . Wheels . | . . . . . . Hover . | . . . . . . Flight . | . . . . . . Fastest Speed 50 | 50 160 160 160 160 160 Average Speed 159 | 152 160 160 160 160 160 Slowest Speed 160 | 160 160 160 160 160 160 Overloaded Moves . | . . . . . . Propulsion Burnouts . | . . . . . . Robots Hopped . | . . . . . . Potential Cave-ins 8 | . . . 8 . . Cave-ins Triggered . | . . . . . . Exploration Rate (%) 23 | 3 18 12 43 61 5 Regions Visited 5 Branch Regions 3 Pre-discovered Areas 2 | . . . 1 1 . Known Exits Taken . | . . . . . . Unknown Exits Taken 5 | 1 1 1 1 1 . Scrap Searched 9 | . . . 1 8 . Spaces Dug . | . . . . . . Terrain Destroyed 215 | . . . 163 . 52 Melee . | . . . . . . Projectile . | . . . . . . AOE 215 | . . . 163 . 52 Terrain Rammed . | . . . . . . Walls Destroyed . | . . . . . . Machines Disabled . | . . . . . . Actions | -11 -10 -10 -10 -7 -5 --------- Run | Yrd Mat Min Sub Scr Fac Total 2458 | 48 71 50 1066 1109 114 Wait 81 | . . 17 57 7 . Move 2271 | 43 68 33 937 1081 109 Hop . | . . . . . . Pick Up 1 | . . . 1 . . Fast Attach 22 | 5 2 . 5 10 . Attach . | . . . . . . Detach . | . . . . . . Swap 1 | . . . . 1 . Drop 14 | . . . 4 10 . Fire 57 | . 1 . 51 . 5 Melee . | . . . . . . Ram . | . . . . . . Kick . | . . . . . . Crush . | . . . . . . Escape Stasis . | . . . . . . Rewire . | . . . . . . Trap . | . . . . . . Miscellaneous 11 | . . . 11 . . Route ------- -11/Scrapyard -10/Materials -10/Mines -10/Subcaves (discovered 3 exits: [*Mat] / [*Rec] / *Scr) -7/Scraptown -5/Factory History --------- Turn | Location | Event 1 | -11/Scrapyard | Upgraded with Propulsion slot (x1) 1 | -11/Scrapyard | Upgraded with Weapon slot (x1) 4 | -11/Scrapyard | Discovered new exit (range 15) 74 | -11/Scrapyard | Entered Materials 114 | -10/Materials | Discovered new exit (range 15) 125 | -10/Materials | Upgraded with Utility slot (x1) 189 | -10/Materials | Entered Mines 189 | -10/Mines | Discovered new exit (range 14) 259 | -10/Mines | Entered Subcaves 260 | -10/Subcaves | Approached by a straggling Scientist 261 | -10/Subcaves | Reached level 2 267 | -10/Subcaves | Upgraded with Utility slot (x2) 307 | -10/Subcaves | Build established: Mutant 648 | -10/Subcaves | Discovered new exit (range 12) 813 | -10/Subcaves | Shifting Twisted Machinery released Scrap Shield 815 | -10/Subcaves | Shifting Twisted Machinery released Scrap Shield 989 | -10/Subcaves | Build established: Subdweller-Mutant 1041 | -10/Subcaves | A swath of the cavern ceiling suddenly collapsed 1281 | -10/Subcaves | Learned location of Zion (-6) 1870 | -10/Subcaves | Ambushed by Subdweller buried in earth 1890 | -10/Subcaves | Discovered new exit (range 13) 1921 | -10/Subcaves | Scientist uncovered a shortcut to Scraptown 1927 | -10/Subcaves | Core integrity fell below 50% 1970 | -10/Subcaves | Entered Scraptown 2400 | -7/Scraptown | Build established: Mutant 2483 | -7/Scraptown | Visited UFD Registry 2506 | -7/Scraptown | Visited SPCMW 2597 | -7/Scraptown | Visited Fellowship of the Rings 2646 | -7/Scraptown | Visited Cave Peace 2738 | -7/Scraptown | Visited Spacefarers 2856 | -7/Scraptown | Scanned Subdweller tech in exchange for log data 2862 | -7/Scraptown | Learned location of Extension (-6) 2949 | -7/Scraptown | Discovered new exit (range 9) 3268 | -7/Scraptown | Visited Red Mages 3314 | -7/Scraptown | Visited Comm Corps 3421 | -7/Scraptown | Visited Bundlers 3728 | -7/Scraptown | Entered Factory 3729 | -5/Factory | Core integrity fell below 50% 3730 | -5/Factory | Reached level 3 3733 | -5/Factory | Upgraded with Propulsion slot (x1) 3892 | -5/Factory | Core integrity fell below 20% 3911 | -5/Factory | Reached level 4 3916 | -5/Factory | Destroyed by G-50 Soldier with Heavy Laser Last Messages --------------- 03886_ Terminal disabled. 03886_ O-24 Administrator destroyed. 03887_ Penetrated by Slug. 03887_ U-05 Engineer suffers critical hit (Destroy). 03889_ ALERT: Construction progress impeded, dispatching reinforcements to local area. 03890_ Penetrated by Slug. 03897_ U-05 Engineer lays Concrete. 03908_ Destroyed Lgt. Angular Momentum Engine. 03908_ G-50 Soldier destroyed. 03908_ Subcomponent Replicator disabled. 03911_ U-05 Engineer destroyed. 03911_ Reached level 4. 03911_ B-60 Warrior destroyed. 03912_ U-05 Engineer lays Concrete. 03914_ Destroyed Wheel. 03914_ G-50 Soldier destroyed. 03914_ H-66 Slayer destroyed. 03914_ Destroyed Welding Torch. 03916_ Penetrated by Slug. Map ----- +----------------------------------------------------+ | ?????????????????????????? * # # ""????????? | | ????????????????????# " # ""????????? | | ????????????????????########"## " """"??????? | | ???????????????????? " """???????? | | ??????????????????????? " ????????? | | ??????????????????????? " """???????? | | ???????????????????????? " """???????? | | ?????????????????? # """???????? | | ?????????????????######### " "?????????? | | ????????????????? # """T"/ # # ? | | ????????????????? # * # ##?######+### | | ????????????????? # # # | | ????????????????? # """ ; # | | ????????????????? # "" ! # | | ????????????????? # "" h=m # | | ????????????????? # " g= # | | ????????????????? # %= # | | ?????????????????## g # | | ?????????????????## % # | | ?????????????????## # + ? | | ?????????########## % # # ??? | | ?????????############; # # # ????? | | ????????? ! ### # | | ????????? | #### #####+#####+# | | ????????? ;;#### | | ????????? @ | | ?????????#############;;; ;;;### | | ?????????############# ; ;##### | | ????????????????????##### ###### | | ????????????????????##### #########+########## | | ???????????????????????## #### #### | | ???????????????????????## #### #### | | ??????????????????????? # #### #### | | ??????????????????????? # #### #### | | ??????????????????????? # #### #### | | ????????????????????????? #### #### | | ?????????????????????????k??## ######## | | ????????????????????????? ??## ######## | | ?????????????????????????k??## ##?????# | | ????????????????????????? ??## ##?????# | | ????????????????????????? ??## !! ##?????# | | ????????????????????????????## != ##?????# | | ????????????????????????????################?????# | | ????????????????????????????################?????# | | ?????????????????????????????????????????????????# | | ?????????????????????????????????????????????????# | | ?????????????????????????????????????????????????# | | ?????????????????????????????????????????????????# | | ?????????????????????????????????????????????????# | | ?????????????????????????????????????????????????# | +----------------------------------------------------+ Best States ------------- Heat Dissipation 25 Energy Generation 15 Energy Capacity 250 Matter Stores 300 Matter Capacity 300 Sight Range 20 Terrain Scan Density 10 Armor Coverage 800 Evasion (%) 40 Targeting Accuracy 5 Launcher Accuracy 20 Recoil Reduction 2 Kinecelleration 30 Item Schematics ----------------- None Robot Schematics ------------------ None Fabricated ------------ Nothing Repaired ---------- Nothing Studied --------- None Alien Tech Used ----------------- None Achievements -------------- Civilization 2243 Do Not Disturb Nice Directions, Buddy Survival Of The Most Covered Challenges ------------ None RPGLIKE | -11 -10 -10 -10 -7 -5 --------- Run | Yrd Mat Min Sub Scr Fac Levels Raised 3 | . . . 1 . 2 XP Earned 7875 | 3000 . 500 1650 500 2225 XP Spent 4950 | 1000 500 . 2650 . 800 Upgrades 8 | 2 1 . 4 . 1 Propulsion Slot 2 | 1 . . . . 1 Utility Slot 3 | . 1 . 2 . . Weapon Slot 1 | 1 . . . . . Inventory Capacity 2 | . . . 2 . . Protomatter Created 85 | . . . 59 . 26 Integrity Restored 114 | . . . 114 . . Core 114 | . . . 114 . . Protomatter Decayed 49 | . . . 49 . . Game ------ Seed TripodCommRefractor Manual? 0 Play Time 00:22:37 Cumulative 50.6 hours Start 2025.11.23 @ 08:07:59 End 2025.11.23 @ 08:29:34 Sessions 1 Manual Loads 0 Difficulty Rogue Special Mode Winter2019/RPGLIKE Game No. 106 Rogue 106 Adventurer 0 Explorer 0 Win Type - Total 0 Types 0/0/0/0/0/0/0/0/0/0 Lore% 24 Gallery% 35 Achievement% 28 Wizard Run 0 Options --------- Layout 0 ASCII 0 Keyboard 0 Movement Mouse Keybinds 0 Fullscreen 2 Font 18/SmallcapsGlow Map View 76x50 Zoom Use 0% Tactical HUD 1 Map Filters NONE Filters NONE Steam 1 RUN: 9938cb5a-1532-4ef7-8676-b3ac99844866